 Dungeon Crawl Stone Soup version 0.23-a0-121-g4413648 (webtiles) character file.

6 Amnesiac the Gusty (level 1, -7/13 HPs)
             Began as a Mummy Air Elementalist on Aug 25, 2018.
             Mangled by a scorpion (9 damage)
             ... on level 4 of the Dungeon.
             The game lasted 00:00:59 (488 turns).

Amnesiac the Gusty (Mummy Air Elementalist)          Turns: 488, Time: 00:00:59

Health: -7/13      AC:  2    Str: 11    XL:     1   Next: 75%
Magic:  4/4        EV: 12    Int: 14    God:
Gold:   37         SH:  0    Dex: 12    Spells: 4/5 levels left

rFire    x . .     SeeInvis .   (no weapon)
rCold    + . .     Gourm    .   (no shield)
rNeg     + + +     Faith    .   a - +0 robe
rPois    ∞         Spirit   .   (no helmet)
rElec    .         Reflect  .   (no cloak)
rCorr    .         Harm     .   (no gloves)
MR       .....                  (no boots)
Stlth    ++........             (no amulet)
HPRegen  0.04/turn              (no ring)
MPRegen  0.09/turn              (no ring)

@: no status effects
A: no food or potions, fire vulnerability, cold resistance 1, negative energy
resistance 3, torment resistance, unbreathing
a: no special abilities


You were on level 4 of the Dungeon.
You were not hungry.

You visited 1 branch of the dungeon, and saw 4 of its levels.

You collected 37 gold pieces.

Inventory:

Armour
 a - a +0 robe (worn)
Wands
 c - a wand of disintegration (10)
Scrolls
 b - a scroll of identify {!r}


   Skills:
 - Level 1.5 Dodging
 - Level 1.5 Stealth
 + Level 2.7 Spellcasting
 - Level 0.7 Conjurations
 * Level 2.8 Air Magic


You had 4 spell levels left.
You knew the following spells:

 Your Spells              Type           Power        Failure   Level  Hunger
a - Shock                 Conj/Air       #...         11%         1    N/A

Your spell library contained the following spells:

 Spells                   Type           Power        Failure   Level  Hunger
 Swiftness                Chrm/Air       #.......     19%         2    N/A
 Static Discharge         Conj/Air       #.......     32%         3    N/A
 Airstrike                Air            #.........   56%         4    N/A
 Lightning Bolt           Conj/Air       #.........   96%         5    N/A

Dungeon Overview and Level Annotations

Branches:
Dungeon (4/15)
 Temple: D:4-7

Altars:


Innate Abilities, Weirdness & Mutations

You do not eat or drink.
Your flesh is vulnerable to fire.
You are immune to poison.
Your flesh is cold resistant. (rC+)
You are immune to negative energy. (rN+++)
You are immune to unholy pain and torment.
You can survive without breathing.


Message History

Ouch! That really hurt!
* * * LOW HITPOINT WARNING * * *
The howler monkey skeleton moves out of view.
Found 18 sling bullets.
Found a stone staircase leading up.
Found a chain mail.
You see here a ration.
Found a club.
A giant cockroach comes into view.
Found a stone staircase leading down.
There is a stone staircase leading up here.
You climb upwards.
Found 15 gold pieces.
Found a stone staircase leading up.
There is a stone staircase leading down here.
You start resting.
Magic restored.
You start resting.
A hobgoblin comes into view.
You start resting.
A goblin comes into view. It is wielding a dagger.
You start resting.
The goblin is too close now for your liking.
Casting: Shock (safe; 11% risk of failure)
Confirm with . or Enter, or press ? or * to list all spells.
Aiming: Shock (safe; 11% risk of failure)
Press: ? - help, Shift-Dir - straight line, f - goblin
Aim: a goblin, wielding a dagger (hasn't noticed you)
The zap hits the goblin.
The goblin is heavily wounded.
The goblin shouts!
The zap hits the goblin.
The goblin is severely wounded.
Casting: Shock (safe; 11% risk of failure)
Confirm with . or Enter, or press ? or * to list all spells.
Aiming: Shock (safe; 11% risk of failure)
Press: ? - help, Shift-Dir - straight line, f/p - goblin
Aim: a goblin, wielding a dagger (severely wounded)
The zap hits the goblin.
You kill the goblin!
Casting: Shock (safe; 11% risk of failure)
Confirm with . or Enter, or press ? or * to list all spells.
You can't see any susceptible monsters within range! (Use Z to cast anyway.)
Casting: Shock (safe; 11% risk of failure)
Confirm with . or Enter, or press ? or * to list all spells.
You can't see any susceptible monsters within range! (Use Z to cast anyway.)
You start resting.
Magic restored.
You start resting.
Magic restored.
You start resting.
You start resting.
HP restored.
You start resting.
HP restored.
Found a gold wand.
c - a wand of disintegration (10)
A frilled lizard comes into view.
There is a stone staircase leading down here.
You climb downwards.
The orc closely misses you. The scorpion stings you.
The orc hits you with a trident!
Ouch! That really hurt!
* * * LOW HITPOINT WARNING * * *
The scorpion stings you!
Ouch! That really hurt!
You die...

.. .# #.# .# . .#####
.# # #.. ......## .#
.# #.# #
#.##...##.#..### #.#
#.#.#(...s...s.... #.#
#.........@......#
#.###.......%..o......
#s..........####..[.)#
#.#########.# .....#
#.# #.# .>### #.# #s#
..# #.#########.# .#
#.....s.....# .#
#############


You could see a scorpion, an orc and a giant cockroach (wandering).

Vanquished Creatures
  A giant cockroach (D:1)
  2 goblins
  A hobgoblin (D:2)
  A bat (D:1)
5 creatures vanquished.

Notes
Turn   | Place    | Note
-------+----------+-------------------------------------------
     0 | D:1      | Amnesiac the Mummy Air Elementalist began the quest for the Orb.
     0 | D:1      | Reached XP level 1. HP: 13/13 MP: 4/4
   169 | D:2      | You fall through a shaft for 2 floors!
   169 | D:4      | Noticed a scorpion
   488 | D:4      | Mangled by a scorpion

Vault maps used:
D:1:      eino_arrival_druids_welcome, minmay_misc_feat_columns
D:2:      xom_teletrap_fun
D:4:      grunt_temple_overflow_cloverleaf

Action                   || total
-------------------------++-------
Melee: Unarmed           ||     1
 Cast: Shock             ||    13
  Use: Scroll            ||     1
Dodge: Dodged            ||     7

Table legend:
 A = Non-vault XP
 B = Vault XP
 C = Vault XP percentage of total XP
 D = Non-vault monster count
 E = Vault monster count
 F = Vault count percentage of total count
                 A         B        C        D         E       F
            +---------+---------+-------+---------+---------+-------
      Total |       9 |       0 |   0.0 |       5 |       0 |   0.0
            +---------+---------+-------+---------+---------+-------
        D:1 |       5 |       0 |   0.0 |       3 |       0 |   0.0
        D:2 |       2 |       0 |   0.0 |       1 |       0 |   0.0
        D:3 |       2 |       0 |   0.0 |       1 |       0 |   0.0
            +---------+---------+-------+---------+---------+-------
